[ AOE2 MATCH · #505465380 ]
UnrankedPersians vs Magyars
Player's team · LOSS
Rival team · WIN
[ REPLAY ANALYSIS · EXTRACTED FROM THE RECORDED GAME ]
Feudal
—
Castle
—
Imperial
—
| APM avg | 26.3 |
| APM peak | 41 |
| eAPM avg | 18.6 |
| Villagers / military | 14 / 0 |
Focus
⚔️ 10.5% · 🌾 89.5%
Feudal
—
Castle
—
Imperial
—
| APM avg | 47.1 |
| APM peak | 68 |
| eAPM avg | 15.9 |
| Villagers / military | 15 / 0 |
Focus
⚔️ 17.1% · 🌾 82.9%
Match map
Initial resources + every placement click. Lines = walls · curves = elevation contours. ◆ gold · ⬟ stone · ● berries · ✦ relic · ◌ wall gap
Your base
Astaroth's base
Smoothed initial terrain · ◌ = detected wall gap · hover for details
Inputs per minute
— ZRT Enox - - Astaroth
Build order — ZRT Enox
29 actions detected in the replay
| 0:00 | Queue | Villager (Male) |
| 0:01 | Queue | Villager (Male) |
| 0:01 | Queue | Villager (Male) |
| 0:02 | Build | House |
| 0:04 | Build | House |
| 0:05 | Queue | Villager (Male) |
| 0:05 | Queue | Villager (Male) |
| 1:26 | Queue | Villager (Male) |
| 1:47 | Build | Lumber Camp |
| 1:51 | Queue | Villager (Male) |
| 1:51 | Queue | Villager (Male) |
| 2:23 | Queue | Villager (Male) |
| 3:03 | Queue | Villager (Male) |
| 3:28 | Queue | Villager (Male) |
| 3:58 | Queue | Villager (Male) |
| 4:04 | Queue | Villager (Male) |
| 4:24 | Research | Loom |
| 5:02 | Build | House |
| 5:09 | Queue | Villager (Male) |
| 5:35 | Build | House |
| 5:38 | Build | Palisade Wall |
| 5:58 | Build | Town Center |
| 6:15 | Build | House |
| 6:20 | Build | House |
| 6:26 | Build | Palisade Wall |
| 7:21 | Build | Palisade Wall |
| 7:23 | Build | House |
| 7:26 | Build | Palisade Wall |
| 7:36 | Build | House |
Build order — Astaroth
21 actions detected in the replay
| 0:02 | Queue | Villager (Male) |
| 0:02 | Queue | Villager (Male) |
| 0:04 | Build | House |
| 0:05 | Build | House |
| 0:40 | Queue | Villager (Male) |
| 0:58 | Queue | Villager (Male) |
| 1:19 | Queue | Villager (Male) |
| 1:52 | Build | Lumber Camp |
| 2:05 | Queue | Villager (Male) |
| 2:30 | Queue | Villager (Male) |
| 2:59 | Queue | Villager (Male) |
| 3:30 | Queue | Villager (Male) |
| 4:04 | Queue | Villager (Male) |
| 4:08 | Build | House |
| 4:32 | Queue | Villager (Male) |
| 4:54 | Build | Mill |
| 5:00 | Queue | Villager (Male) |
| 5:25 | Queue | Villager (Male) |
| 5:49 | Queue | Villager (Male) |
| 5:54 | Queue | Villager (Male) |
| 6:03 | Research | Loom |
Match timeline
| 5:38 | ZRT Enox · wall_segment Palisade Wall x5 |
| 6:26 | ZRT Enox · wall_segment Palisade Wall x1 |
| 7:21 | ZRT Enox · wall_segment Palisade Wall x1 |
| 7:26 | ZRT Enox · wall_segment Palisade Wall x1 |
| 8:03 | ZRT Enox · resign |
[ AI ANALYSIS · 1 CREDIT ]
What really happened in this match?
Wolo.gg analyzes every decision: build order, eco, micro, common mistakes by bracket. Personalized analysis on WhatsApp or Discord in 30 seconds.
Civ guide
Persians
Perfil
Jugador #2791076